Map: Blackpink LE

Players

Scarlett - Winner!

  • Race: Zerg Zerg
  • League: Master
  • Spawn Location: 1:00

HalfBreed

  • Race: Zerg Zerg
  • Spawn Location: 7:00

VOD

Have the link to the VOD?

Description

Time

  • Played on: Feb. 3, 2018, 3:42 p.m.
  • Length: 12:37
Show
View Real Time Build Order
Export as new Build Order

Scarlett Zerg - Winner!

Build Orders: Hatch First, Muta Ling Bane 

Get SALT Encoding   

  12  0:00  Drone  
  13  0:12  Overlord  
  13  0:17  Drone  
  14  0:31  Drone x2  
  14  0:35  Drone  
  17  0:51  Hatchery  
  17  0:55  Drone  
  17  0:58  Drone  
  17  1:03  Extractor  
  17  1:12  Spawning Pool  
  17  1:16  Drone  
  17  1:19  Drone  
  18  1:28  Drone  
  19  1:39  Drone  
  20  1:50  Overlord  
  20  1:58  Queen  
  22  2:03  Queen, Metabolic Boost  
  22  2:07  Drone  
  22  2:08  Drone  
  26  2:12  Drone  
  26  2:15  Drone  
  28  2:23  Drone  
  28  2:25  Drone  
  30  2:34  Queen  
  32  2:42  Hatchery  
  31  2:48  Baneling Nest  
  31  2:49  Overlord  
  30  2:53  Zergling x2  
  30  2:54  Zergling x2  
  32  2:58  Drone  
  32  2:59  Drone  
  34  3:09  Drone  
  34  3:10  Drone x3  
  38  3:15  Overlord  
  38  3:17  Zergling x2  
  39  3:22  Queen  
  41  3:29  Overlord  
  41  3:32  Baneling x2  
  41  3:33  Zergling x2  
  41  3:34  Zergling x2  
  43  3:38  Baneling x2  
  43  3:40  Zergling x4  
  45  3:45  Zergling x2  
  45  3:46  Zergling x6  
  49  3:51  Baneling x2  
  49  4:03  Drone x4  
  49  4:06  Drone  
  49  4:08  Drone x2  
  54  4:17  Drone  
  54  4:18  Drone x4  
  59  4:26  Drone x3  
  59  4:27  Drone  
  59  4:29  Drone, Extractor  
  59  4:30  Extractor  
  61  4:33  Roach Warren  
  61  4:35  Drone  
  61  4:36  Drone  
  61  4:38  Drone  
  62  4:40  Evolution Chamber  
  62  4:44  Drone x4  
  65  4:45  Overlord  
  65  4:49  Lair  
  65  4:53  Overlord  
  65  4:58  Overlord  
  65  5:08  Drone  
  65  5:09  Drone x5  
  71  5:14  Overlord  
  71  5:16  Roach, Zerg Missile Weapons Level 1  
  71  5:17  Roach x2  
  71  5:18  Roach  
  71  5:19  Roach  
  78  5:31  Roach x5  
  78  5:33  Overlord x2  
  87  5:36  Spine Crawler  
  87  5:42  Roach x3  
  94  5:43  Roach  
  92  5:50  Glial Reconstitution  
  91  5:58  Drone x8  
  91  5:59  Overseer  
  91  6:03  Extractor  
  91  6:04  Extractor  
  97  6:10  Drone x10  
  108  6:14  Extractor, Overlord  
  107  6:20  Roach x2  
  111  6:28  Overlord x3  
  111  6:29  Spire  
  111  6:32  Hatchery  
  109  6:34  Overlord  
  107  6:51  Drone  
  107  6:52  Roach  
  107  6:53  Roach x8  
  126  6:58  Overlord x2  
  126  6:59  Overlord  
  126  7:08  Roach x6  
  138  7:11  Zerg Melee Weapons Level 1  
  138  7:12  Overlord  
  138  7:15  Overlord  
  138  7:23  Overlord  
  138  7:25  Extractor  
  138  7:27  Drone, Extractor  
  138  7:28  Drone x2  
  139  7:32  Drone x3  
  142  7:42  Mutalisk x7  
  152  7:53  Mutalisk  
  152  7:54  Mutalisk  
  152  7:56  Zergling x8  
  152  7:57  Zergling x4  
  112  8:06  Roach x5  
  112  8:10  Roach x5  
  123  8:28  Mutalisk x4  
  123  8:30  Zergling x2  
  123  8:31  Zergling x10  
  123  8:32  Queen  
  132  8:38  Roach  
  132  8:39  Roach x5  
  131  8:50  Roach x4  
  125  8:56  Mutalisk x2  
  114  9:10  Zerg Flyer Weapons Level 1  
  114  9:12  Centrifical Hooks  
  114  9:13  Zerg Melee Weapons Level 2  
  114  9:16  Drone x2  
  116  9:17  Drone  
  116  9:19  Drone x2  
  119  9:24  Mutalisk x2  
  119  9:31  Mutalisk  
  123  9:36  Mutalisk  
  123  9:38  Mutalisk  
  127  9:41  Hatchery  
  127  9:42  Drone  
  127  9:43  Drone  
  127  9:44  Drone  
  131  9:50  Mutalisk x2  
  135  9:53  Zergling x6  
  135  9:59  Mutalisk  
  140  10:01  Queen  
  142  10:10  Mutalisk x2  
  142  10:13  Drone x3  
  149  10:16  Mutalisk  
  151  10:24  Mutalisk  
  151  10:26  Zergling x8  
  157  10:31  Queen  
  157  10:35  Mutalisk x2  
  159  10:41  Baneling x6  
  163  10:43  Zergling x4  
  163  10:45  Baneling x3  
  163  10:47  Zergling x8  
  169  10:52  Drone  
  169  10:56  Mutalisk  
  170  10:59  Baneling x5  
  170  11:01  Hatchery  
  171  11:05  Baneling x5  
  171  11:07  Zergling x2  
  171  11:08  Zergling x4  
  174  11:19  Baneling  
  174  11:20  Baneling x6  
  174  11:21  Zergling x2  
  174  11:22  Zergling x12  
  181  11:28  Baneling x3  
  181  11:29  Baneling x3  
  181  11:31  Zergling x8  
  159  11:52  Mutalisk x7  
  154  11:59  Zergling x14  
Show
View Real Time Build Order
Export as new Build Order

HalfBreed Zerg 

Build Orders: Hatch First 

Get SALT Encoding   

  12  0:00  Drone  
  13  0:12  Overlord  
  13  0:17  Drone  
  14  0:31  Drone x2  
  14  0:34  Drone  
  17  0:53  Hatchery  
  17  0:55  Drone  
  17  0:57  Drone  
  18  1:09  Extractor  
  17  1:12  Spawning Pool  
  17  1:14  Drone  
  17  1:18  Drone  
  18  1:28  Drone  
  19  1:39  Overlord  
  19  1:51  Drone  
  20  1:59  Queen  
  22  2:01  Drone  
  22  2:05  Queen  
  22  2:06  Drone  
  22  2:08  Metabolic Boost  
  26  2:12  Drone  
  27  2:16  Drone  
  28  2:23  Drone  
  29  2:31  Drone  
  30  2:37  Hatchery  
  30  2:40  Baneling Nest  
  30  2:42  Drone  
  29  2:45  Zergling x4  
  29  2:50  Overlord  
  31  2:56  Zergling x2  
  32  3:01  Overlord  
  32  3:05  Zergling x2  
  33  3:08  Zergling x6  
  36  3:14  Drone x2  
  36  3:15  Drone  
  36  3:17  Zergling x2  
  40  3:21  Zergling x2  
  41  3:28  Baneling  
  41  3:29  Baneling x3  
  41  3:30  Drone x2  
  43  3:34  Queen  
  43  3:38  Drone  
  43  3:39  Drone x2  
  48  4:00  Drone  
  46  4:03  Drone x6, Overlord  
  46  4:08  Evolution Chamber  
  46  4:09  Drone, Roach Warren, Extractor x2  
  48  4:17  Drone x2  
  48  4:18  Drone, Overlord  
  51  4:28  Zergling x2  
  51  4:29  Baneling  
  51  4:30  Baneling  
  50  4:32  Zergling x10  
  50  4:38  Zergling x4  
  55  4:45  Overlord  
  55  4:49  Roach x2  
  59  4:54  Roach  
  59  4:55  Roach x2  
  65  5:00  Drone, Zerg Missile Weapons Level 1  
  66  5:11  Drone, Overlord  
  66  5:12  Lair  
  65  5:22  Drone, Overlord  
  65  5:23  Drone  
  65  5:27  Drone x3  
  65  5:28  Drone x2  
  69  5:30  Drone, Overlord  
  69  5:31  Drone  
  69  5:34  Queen  
  72  5:36  Drone x4  
  72  5:41  Overlord  
  72  5:42  Drone  
  77  5:43  Drone  
  77  5:45  Drone  
  77  5:48  Drone x2  
  78  5:53  Drone x2  
  78  5:55  Ravager  
  79  5:58  Extractor x2  
  79  5:59  Roach  
  79  6:00  Roach  
  83  6:04  Roach x2  
  83  6:08  Drone x2  
  83  6:09  Drone  
  87  6:13  Roach x3  
  93  6:18  Glial Reconstitution  
  93  6:22  Roach x2  
  93  6:23  Baneling  
  93  6:24  Baneling x2  
  97  6:31  Roach x4  
  105  6:35  Overlord x2  
  105  6:36  Overlord  
  105  6:46  Overlord  
  104  6:47  Roach  
  106  6:55  Drone x2  
  106  6:56  Zerg Missile Weapons Level 2  
  106  6:57  Roach x4  
  106  6:58  Roach x4  
  106  7:00  Overlord x2  
  124  7:06  Hatchery  
  123  7:13  Roach x2  
  123  7:14  Roach x3  
  133  7:23  Roach  
  133  7:24  Roach x4  
  143  7:33  Roach x4, Evolution Chamber  
  152  7:37  Roach x2  
  154  7:44  Overlord x3  
  150  7:52  Roach  
  150  7:53  Roach x5  
  150  7:57  Roach x3  
  148  8:02  Roach  
  148  8:03  Roach  
  141  8:08  Roach  
  141  8:12  Roach  
  141  8:13  Zerg Ground Armor Level 1  
  141  8:14  Roach  
  141  8:15  Roach  
  145  8:20  Queen x2, Hydralisk Den  
  145  8:23  Spore Crawler  
  145  8:24  Roach  
  145  8:25  Roach x2  
  129  8:46  Drone x6  
  127  8:49  Extractor  
  127  8:50  Spore Crawler  
  109  8:56  Drone x4  
  109  8:57  Drone x2  
  109  8:58  Drone  
  109  9:00  Spore Crawler  
  107  9:08  Hydralisk x8  
  99  9:19  Queen  
  99  9:20  Queen  
  99  9:23  Spore Crawler  
  102  9:24  Grooved Spines  
  102  9:29  Roach x5  
  112  9:33  Overlord  
  112  9:34  Overlord  
  112  9:38  Hydralisk x2  
  112  9:39  Hydralisk  
  112  9:44  Roach, Hydralisk  
  112  9:45  Roach  
  124  9:50  Hydralisk x3  
  130  9:54  Hydralisk  
  130  9:55  Hydralisk  
  132  10:07  Hydralisk x4  
  132  10:08  Unknown x4, Hydralisk x2  
  144  10:21  Overlord x6  
  142  10:32  Extractor, Overlord  
  141  10:41  Drone x3, Hydralisk x6  
  153  10:51  Hydralisk  
  153  10:52  Hydralisk x3  
  161  10:59  Hydralisk x3  
  167  11:04  Drone  
  167  11:05  Spore Crawler  
  167  11:06  Overlord x2  
  167  11:08  Muscular Augments  
  159  11:24  Overlord x2  
  159  11:26  Roach x8  
  134  11:40  Hydralisk x7  
  134  11:46  Hydralisk  
  134  11:47  Hydralisk x2  
  126  11:52  Hydralisk x2  
  106  11:56  Hydralisk  
  106  11:57  Hydralisk  
  106  12:01  Hydralisk  
Tags
 
Composition
Muta Ling Bane
League
Master
Matchup
ZvZ
Player
Scarlett
Race
Zerg
Spawn Locations
Cross Positions
Add a new tag
Caveats
  • Supply blocks, unpowered buildings, or Contaminate may cause inaccurate times.
  • Supply counts are checked every 10 seconds.